 Dungeon Crawl Stone Soup version 0.25-a0-1119-g28b6fd0c3b (webtiles) character file.

Game seed: 191933811789923562, levelgen mode: deterministic

309561 Flugslaktarn the Slayer (level 20, -3/198 HPs)
             Began as a Minotaur Fighter on May 18, 2020.
             Was an Initiate of Gozag.
             Slain by a titan (24 damage)
             ... on level 5 of the Vaults.
             The game lasted 00:25:26 (38549 turns).

Flugslaktarn the Slayer (Minotaur Fighter)         Turns: 38549, Time: 00:25:27

Health: -3/198     AC: 39    Str: 31    XL:     20   Next: 37%
Magic:  23/23      EV: 14    Int:  5    God:    Gozag
Gold:   4756       SH: 19    Dex: 11    Spells: 19/19 levels left

rFire    . . .     SeeInvis +   E - +6 broad axe (freeze)
rCold    . . .     Gourm    .   F - +0 kite shield
rNeg     . . .     Faith    .   b - +0 crystal plate armour
rPois    +         Spirit   .   (helmet restricted)
rElec    .         Reflect  +   G - +1 cloak {rPois}
rCorr    .         Harm     .   B - +0 pair of gloves
MR       ++...                  W - +2 pair of boots {run}
Stlth    ..........             L - amulet of reflection
HPRegen  0.43/turn              m - ring of protection from magic
MPRegen  0.18/turn              g - ring of Juigisum {AC+4 Str+4 Dex-2 SInv}

@: stab, very slightly contaminated, drained, invisible, quick
A: retaliatory headbutt, horns 2
}: 2/15 runes: serpentine, barnacled
a: Potion Petition, Call Merchant, Bribe Branch, Renounce Religion


You were on level 5 of the Vaults.
You worshipped Gozag.
Gozag was most pleased with you.
You were not hungry.

You visited 6 branches of the dungeon, and saw 36 of its levels.
You also visited: Sewer and Ice Cave.

You collected 12936 gold pieces.
You spent 4523 gold pieces at shops.
You paid 3657 gold pieces to Gozag.

Inventory:

Hand Weapons
 E - a +6 broad axe of freezing (weapon)
   (You took it off an orc knight on level 2 of the Orcish Mines)
Missiles
 C - 12 throwing nets (quivered)
Armour
 b - a +0 crystal plate armour (worn)
   (You bought it in a shop on level 9 of the Dungeon)
 y - a +0 cloak of magic resistance
   (You bought it in a shop on level 7 of the Dungeon)
 B - a +0 pair of gloves (worn)
   (You found it on level 3 of the Dungeon)
 F - a +0 kite shield (worn)
 G - a +1 cloak of poison resistance (worn)
   (You took it off Nikola on level 1 of the Snake Pit)
 W - a +2 pair of boots of running (worn)
   (You bought it in a shop on level 1 of the Orcish Mines)
Jewellery
 c - an uncursed ring of protection from cold
   (You found it on level 9 of the Dungeon)
 f - an uncursed ring of protection from fire
   (You found it on level 4 of the Lair of Beasts)
 g - the ring of Juigisum (right hand) {AC+4 Str+4 Dex-2 SInv}
   (You acquired it on level 1 of the Orcish Mines)

   [ring of protection]

   It affects your AC (+4).
   It affects your strength (+4).
   It affects your dexterity (-2).
   It lets you see invisible.
 h - an uncursed ring of protection from fire
   (You found it on level 4 of the Shoals)
 i - an uncursed ring of see invisible
   (You found it on level 9 of the Dungeon)
 m - a ring of protection from magic (left hand)
   (You found it on level 4 of the Lair of Beasts)
 o - an uncursed ring of poison resistance
   (You took it off a vault guard on level 5 of the Vaults)
 w - the ring "Fauc" {rElec rF+ rC- MR+ EV+4}
   (You took it off an ironbrand convoker on level 5 of the Vaults)

   [ring of evasion]

   It affects your evasion (+4).
   It protects you from fire.
   It makes you vulnerable to cold.
   It insulates you from electricity.
   It affects your resistance to hostile enchantments.
 L - an amulet of reflection (around neck)
   (You found it on level 4 of the Lair of Beasts)
 O - an uncursed ring of protection from cold
   (You took it off a vault sentinel on level 2 of the Vaults)
 V - an uncursed ring of protection from magic
   (You found it on level 15 of the Dungeon)
Wands
 j - a wand of acid (25)
   (You found it on level 5 of the Dungeon)
 s - a wand of paralysis (10)
   (You found it on level 10 of the Dungeon)
 v - a wand of digging (4)
   (You took it off a death knight on level 2 of the Vaults)
 P - a wand of clouds (10)
   (You found it on level 6 of the Lair of Beasts)
Scrolls
 l - 4 scrolls of enchant armour
 r - 8 scrolls of identify
 t - 7 scrolls of teleportation
 u - 5 scrolls of fear
 x - 12 scrolls of remove curse
 z - a scroll of blinking
 A - 3 scrolls of fog
 I - a scroll of silence
 J - 4 scrolls of immolation
 S - 2 scrolls of magic mapping
Potions
 a - 5 potions of mutation
 d - 10 potions of might
 k - a potion of berserk rage
 n - a potion of resistance
 p - 9 potions of stabbing
 q - 3 potions of curing
 D - 3 potions of haste
 K - a potion of cancellation
 M - 4 potions of flight
 N - 8 potions of lignification
Miscellaneous
 H - a tin of tremorstones (3/3)
   (You found it on level 1 of the Lair of Beasts)
Comestibles
 e - 12 rations


   Skills:
 + Level 21.1(19.7) Fighting
 - Level 18.0(16.6) Axes
 + Level 21.0(19.6) Armour
 + Level 17.8(16.5) Dodging
 - Level 15.0(13.7) Shields
 - Level 6.0(5.0) Evocations


You had 19 spell levels left.
You didn't know any spells.
Your spell library was empty.

Dungeon Overview and Level Annotations

Branches:
Dungeon (15/15)            Temple (0/1) D:5            Lair (6/6) D:11
 Shoals (4/4) Lair:3        Snake (4/4) Lair:4        Slime (0/5) Lair:6
    Orc (2/2) D:11            Elf (0/3) Orc:2        Vaults (5/5) D:14
  Crypt (0/3) Vaults:2     Depths (0/5) D:15          Sewer (visited)
  IceCv (visited)

Altars:
Ashenzari
Cheibriados
Dithmenos
Gozag
Hepliaklqana
Okawaru
Qazlal
Ru
Trog
Uskayaw
Xom
Yredelemnul
Zin
Jiyva

Shops:
D:7 [   D:9 [(   D:15 *   Orc:1 *(   Orc:2 ?!(*   Lair:1 ((   Shoals:1 [
Vaults:1 *   Vaults:3 }

Annotations:
Lair:4 3 runed translucent doors, Wiebster667's ghost, journeyman MiBe


Innate Abilities, Weirdness & Mutations

You reflexively headbutt those who attack you in melee.
You have a pair of horns on your head.


Message History

You feel much better.
You feel better. Magic courses through your body. The titan barely misses you.
Evoke which item? (* to show all) (? for menu, Esc to quit)
Aiming: Corrosive Bolt
Press: ? - help, Shift-Dir - straight line, f - titan
Aim: a titan (moderately wounded)
The bolt of acid hits the titan.
The titan is splashed with acid.
The acid corrodes the titan!
The titan is moderately wounded.
You block the titan's attack.
Unknown command.
You hit the titan. You freeze the titan. You headbutt the titan.
The titan is moderately wounded.
The titan hits you!!
* * * LOW HITPOINT WARNING * * *
You slice the titan!! You freeze the titan.
The titan is heavily wounded.
The titan hits you!!
You die...
Your body crumbles into a pile of gold.

#..#......:)# ...(.##..
#..#......|####(....##.
#..#......##[.##...(.##
#..#.....##))).##..(..#
#..#...)##().(..##..(..
#..#...##..).)...##...)
#..#.)##))......))##...
#..#)##C...........##)(
#....(@............)))(
#....##################
#......................
#.....................C
#######################


You could see a titan (corroded).

Vanquished Creatures
  An ancient lich (Vaults:5)
  Saint Roka (Vaults:2)
  Nikola (Snake:1)
  2 golden dragons (Vaults:5)
  Jory (Vaults:3)
  Jorgrun (Orc:1)
  Rupert (D:13)
  3 titans (Vaults:5)
  A quicksilver dragon (Vaults:5)
  A quicksilver dragon (shapeshifter) (Vaults:5)
  Polyphemus (Shoals:4)
  3 shadow dragons (Vaults:5)
  Kirke (D:15)
  2 storm dragons (Vaults:5)
  7 nagarajas
  5 deep elf sorcerers
  2 frost giants
  2 fire giants (Vaults:5)
  12 vault wardens
  Louise (Shoals:4)
  Aizul (Snake:1)
  A deep elf elementalist (Vaults:5)
  2 very ugly things (Vaults:5)
  17 ironheart preservers
  A war gargoyle (Vaults:5)
  8 stone giants
  A deep elf demonologist (Vaults:5)
  2 deep elf annihilators (Vaults:1)
  4 deep elf death magi
  5 merfolk impalers (Shoals:4)
  A fire dragon (Vaults:1)
  Snorg (D:11)
  4 merfolk javelineers (Shoals:4)
  6 ettins
  An ettin (shapeshifter) (Vaults:5)
  9 yaktaur captains
  An ice dragon (Vaults:4)
  Fannar (D:11)
  3 hydras
  9 naga warriors
  Harold (D:10)
  26 vault guards
  2 deep elf high priests (Vaults:5)
  A merfolk avatar (Shoals:3)
  6 centaur warriors
  Erolcha (Orc:1)
  A catoblepas (Shoals:4)
  3 ogre magi
  13 two-headed ogres
  4 death knights
  4 merfolk aquamancers
  4 satyrs
  3 anacondas
  2 deep troll shamans (Vaults:2)
  A vampire mage (Vaults:2)
  A deep troll earth mage (Vaults:2)
  8 death yaks
  4 shock serpents
  11 naga sharpshooters
  Urug (Lair:2)
  Sonja (D:12)
  3 deep elf knights
  3 skeletal warriors (Vaults:2)
  A salamander mystic (Snake:2)
  A shadow wraith (Vaults:4)
  8 sea snakes
  An unseen horror (D:11)
  A wizard (Vaults:2)
  3 flayed ghosts
  6 naga ritualists
  9 deep trolls
  2 phantasmal warriors (Vaults:5)
  6 deep elf archers
  A harpy (Shoals:4)
  16 ironbrand convokers
  A lindwurm (Lair:5)
  A necromancer (Vaults:5)
  A shadow dragon zombie (Vaults:5)
  Pikel (D:7)
  7 mana vipers
  7 cyclopes
  12 orc knights
  6 manticores
  An oklob plant (Orc:2)
  18 ugly things
  26 deep elf magi
  6 salamanders
  A centaur zombie (D:15)
  16 fauns
  A black mamba (shapeshifter) (Vaults:2)
  5 vault sentinels
  16 black mambas
  2 guardian serpents
  21 naga magi
  10 merfolk sirens
  9 water nymphs
  8 spiny frogs
  3 gargoyles
  A human zombie (Vaults:5)
  5 freezing wraiths
  40 yaktaurs
  A rime drake (Lair:2)
  A yaktaur (shapeshifter) (Vaults:2)
  6 komodo dragons
  22 merfolk
  8 trolls
  2 wind drakes
  A polar bear (shapeshifter) (Vaults:2)
  A tengu simulacrum (Vaults:5)
  A wind drake (shapeshifter) (D:14)
  3 hornets
  6 blink frogs
  4 dream sheep (Shoals:2)
  A frost giant simulacrum (Vaults:5)
  3 slime creatures (Vaults:2)
  A human simulacrum (Vaults:2)
  10 hippogriffs
  5 snapping turtles (Shoals:4)
  Sigmund (D:3)
  A centaur simulacrum (D:15)
  7 water elementals
  2 wraiths
  22 yaks
  2 vampires
  A human (shapeshifter) (Vaults:5)
  Eustachio (D:4)
  A hog (shapeshifter) (Vaults:2)
  A steam dragon (D:13)
  2 basilisks
  3 hungry ghosts
  4 vampire mosquitoes (D:14)
  4 hogs (D:15)
  6 wargs
  32 nagas
  A deep troll zombie (Vaults:5)
  An acid dragon (D:13)
  7 water moccasins
  Duvessa (D:6)
  5 porcupines
  4 ice beasts
  A sky beast (D:6)
  54 orc warriors
  An eye of draining (D:10)
  14 ogres
  2 slaves (D:7)
  3 phantoms
  24 centaurs
  3 boggarts (D:15)
  8 crocodiles
  A gnoll sergeant (D:7)
  4 big kobolds
  12 bullfrogs
  A wyvern zombie (D:7)
  Dowan (D:6)
  2 wyvern skeletons
  2 scorpions
  5 killer bees (D:11)
  3 spriggan skeletons (D:14)
  12 wights
  9 howler monkeys
  3 electric eels
  6 crimson imps
  3 quasits
  6 hounds
  4 jellies
  4 centaur skeletons
  13 orc priests
  24 orc wizards
  3 bullfrog skeletons
  3 iguanas
  7 worker ants
  2 hound skeletons
  2 worker ant zombies
  6 gnolls (D:7)
  17 adders
  9 river rats
  A shadow imp (D:14)
  12 white imps (Orc:1)
  An ooze (D:3)
  An adder zombie (D:8)
  4 worms
  2 dart slugs
  5 leopard geckos
  114 orcs
  9 giant cockroaches
  12 goblins
  6 hobgoblins
  12 jackals
  10 quokkas
  8 ball pythons
  8 bats
  5 frilled lizards
  2 jackal skeletons
  33 kobolds
  A leopard gecko skeleton (D:4)
  A leopard gecko zombie (D:5)
  A quokka skeleton (D:7)
  A quokka zombie (D:9)
  25 rats
  A spectral orc (D:7)
  3 fungi
  9 plants
1257 creatures vanquished.

Vanquished Creatures (others)
  A nagaraja (Snake:4)
  An unseen horror (D:15)
  2 deep elf magi
  A hog (D:15)
  A slave (D:7)
  A crocodile (D:8)
  3 gnolls (D:7)
  4 fungi
  7 plants
21 creatures vanquished.

Grand Total: 1278 creatures vanquished

Notes
Turn   | Place    | Note
-------+----------+-------------------------------------------
     0 | D:1      | Flugslaktarn the Minotaur Fighter began the quest for the
                  | Orb.
     0 | D:1      | Reached XP level 1. HP: 19/19 MP: 0/0
   307 | D:1      | Reached XP level 2. HP: 25/27 MP: 1/1
   933 | D:2      | Reached XP level 3. HP: 33/33 MP: 2/2
   960 | D:2      | Found a sacrificial altar of Ru.
  1092 | D:2      | Found an iron altar of Okawaru.
  1174 | D:2      | Reached XP level 4. HP: 31/40 MP: 3/3
  1348 | D:2      | Found a shadowy altar of Dithmenos.
  1659 | D:3      | You fall into a shaft and drop 3 floors!
  1838 | D:6      | Reached XP level 5. HP: 30/47 MP: 4/4
  1846 | D:6      | Found a bloodstained altar of Trog.
  2069 | D:6      | Reached skill level 5 in Axes
  2160 | D:6      | Reached XP level 6. HP: 52/55 MP: 5/5
  2229 | D:6      | Noticed Dowan
  2230 | D:6      | Noticed Duvessa
  2241 | D:6      | Killed Duvessa
  2241 | D:6      | Reached skill level 5 in Fighting
  2241 | D:6      | Reached skill level 5 in Armour
  2241 | D:6      | Reached skill level 5 in Shields
  2247 | D:6      | Killed Dowan
  2429 | D:6      | Reached XP level 7. HP: 49/61 MP: 6/6
  2449 | D:6      | Found an opulent altar of Gozag.
  2452 | D:6      | Became a worshipper of Gozag Ym Sagoz the Greedy
  2478 | D:5      | Entered Level 5 of the Dungeon
  2956 | D:4      | Found a glowing drain.
  2964 | Sewer    | Entered a sewer
  3849 | D:4      | Reached XP level 8. HP: 66/70 MP: 7/7
  4159 | D:4      | Noticed Eustachio
  4183 | D:4      | Killed Eustachio
  4264 | D:4      | Found a shattered altar of Ashenzari.
  4531 | D:3      | Noticed Sigmund
  4546 | D:3      | Killed Sigmund
  5432 | D:5      | Found a staircase to the Ecumenical Temple.
  5551 | D:5      | Found a shimmering altar of Xom.
  6198 | D:7      | Reached XP level 9. HP: 79/79 MP: 8/8
  6214 | D:7      | Noticed Pikel
  6225 | D:7      | Killed Pikel
  6362 | D:7      | Found Burr's Antique Armour Boutique.
  6392 | D:7      | Reached skill level 10 in Axes
  6410 | D:7      | Paralysed by a hornet for 3 turns
  6479 | D:7      | Bought a smoking plate armour for 532 gold pieces
  6489 | D:7      | Identified the +1 plate armour of the Fisher {*Corrode
                  | rPois rC++ rN+} (You bought it in a shop on level 7 of the
                  | Dungeon)
  6685 | D:7      | Bought a runed cloak for 142 gold pieces
  6816 | D:7      | Found a glowing silver altar of Zin.
  7107 | D:7      | Found a basalt altar of Yredelemnul.
  7372 | D:8      | Noticed a +0 hand axe
  7374 | D:8      | Found a hide-covered altar of Uskayaw.
  7374 | D:8      | Noticed a +0 hand axe
  7560 | D:8      | Found a snail-covered altar of Cheibriados.
  7560 | D:8      | Found a glowing silver altar of Zin.
  7659 | D:8      | Found a hazy altar of Hepliaklqana.
  7822 | D:8      | Reached XP level 10. HP: 89/90 MP: 9/9
  8102 | D:8      | Found a stormy altar of Qazlal.
  8583 | D:9      | Found Piuveceu's Antique Armour Boutique.
  8774 | D:9      | Found Otompap's Weapon Boutique.
  8913 | D:9      | Noticed a two-headed ogre
  8923 | D:9      | Killed a two-headed ogre
  9349 | D:10     | Entered Level 10 of the Dungeon
  9349 | D:10     | Noticed Harold
  9351 | D:10     | Noticed a two-headed ogre
  9368 | D:10     | Killed a two-headed ogre
  9733 | D:10     | Killed Harold
  9813 | D:10     | Noticed an eight-headed hydra
  9822 | D:10     | Killed an eight-headed hydra
  9822 | D:10     | Reached XP level 11. HP: 58/99 MP: 10/10
 10100 | D:10     | Noticed a two-headed ogre
 10120 | D:10     | Killed a two-headed ogre
 10120 | D:10     | Reached skill level 10 in Fighting
 10120 | D:10     | Reached skill level 10 in Armour
 10120 | D:10     | Reached skill level 10 in Shields
 11018 | D:11     | Found a staircase to the Orcish Mines.
 11052 | D:11     | Noticed an unseen horror
 11063 | D:11     | Killed an unseen horror
 11125 | D:11     | Noticed a two-headed ogre
 11137 | D:11     | Killed a two-headed ogre
 11400 | D:11     | Noticed a brown ugly thing
 11427 | D:11     | Killed a brown ugly thing
 11427 | D:11     | Reached skill level 1 in Evocations
 11720 | D:11     | Noticed Snorg
 11738 | D:11     | Killed Snorg
 12004 | D:11     | Noticed Fannar
 12026 | D:11     | Killed Fannar
 12026 | D:11     | Reached skill level 5 in Evocations
 12174 | D:11     | Found a staircase to the Lair.
 12215 | Lair:1   | Entered Level 1 of the Lair of Beasts
 12270 | Lair:1   | Reached XP level 12. HP: 107/107 MP: 15/15
 12594 | Lair:1   | Reached skill level 1 in Dodging
 13279 | Lair:2   | Noticed a six-headed hydra
 13285 | Lair:2   | Killed an eight-headed hydra
 13297 | Lair:2   | Noticed Urug
 13325 | Lair:2   | Killed Urug
 14188 | Lair:3   | Noticed a five-headed hydra
 14192 | Lair:3   | Killed a six-headed hydra
 14589 | Lair:3   | Found a staircase to the Shoals.
 15161 | Lair:4   | Noticed a death yak
 15162 | Lair:4   | Noticed a death yak
 15162 | Lair:4   | Noticed a death yak
 15163 | Lair:4   | Noticed a death yak
 15170 | Lair:4   | Killed a death yak
 15173 | Lair:4   | Killed a death yak
 15180 | Lair:4   | Killed a death yak
 15180 | Lair:4   | Reached skill level 15 in Axes
 15192 | Lair:4   | Killed a death yak
 15627 | Lair:4   | Reached XP level 13. HP: 106/116 MP: 16/16
 15865 | Lair:4   | Found a staircase to the Snake Pit.
 15922 | Lair:4   | Found a runed translucent gate.
 15922 | Lair:4   | Found a runed translucent gate.
 15927 | Lair:4   | Found a runed translucent gate.
 15930 | Lair:4   | Noticed Wiebster667's ghost (journeyman MiBe)
 16396 | Lair:4   | Found a viscous altar of Jiyva.
 17240 | Lair:5   | Reached skill level 5 in Dodging
 17426 | Lair:6   | Entered Level 6 of the Lair of Beasts
 17538 | Lair:6   | Found a staircase to the Slime Pits.
 17866 | D:12     | Noticed Sonja
 17883 | D:12     | Killed Sonja
 18226 | D:13     | Noticed Rupert
 18244 | D:13     | Killed Rupert
 19040 | D:15     | Entered Level 15 of the Dungeon
 19153 | D:15     | Noticed Kirke
 19168 | D:15     | Killed Kirke
 19571 | D:15     | Found Vomear's General Store.
 19575 | D:15     | Bought a scroll of enchant weapon for 135 gold pieces
 19666 | D:15     | Reached XP level 14. HP: 127/127 MP: 17/17
 20237 | D:15     | Found a staircase to the Depths.
 20622 | Snake:1  | Entered Level 1 of the Snake Pit
 20802 | Orc:1    | Entered Level 1 of the Orcish Mines
 20802 | Orc:1    | Found Baqeomaf's General Store.
 20807 | Orc:1    | Noticed Jorgrun
 20828 | Orc:1    | Killed Jorgrun
 20968 | Orc:1    | Found Ycwetz's Weapon Shop.
 20970 | Orc:1    | Bought a +2 pair of boots of running for 539 gold pieces
 20970 | Orc:1    | Bought a potion of haste for 130 gold pieces
 21021 | Orc:1    | Identified a scroll of acquirement
 21029 | Orc:1    | Got the ring of Juigisum {AC+4 Str+4 Dex-2 SInv}
 21166 | Orc:1    | Found a frozen archway.
 21183 | IceCv    | Entered an ice cave
 21249 | Orc:1    | Noticed Erolcha
 21260 | Orc:1    | Killed Erolcha
 21764 | Orc:2    | Entered Level 2 of the Orcish Mines
 22625 | Orc:2    | Found a staircase to the Elven Halls.
 23133 | Orc:2    | Found Ximaf's Distillery.
 23133 | Orc:2    | Found Joent's Weapon Shop.
 23135 | Orc:2    | Found Ynkim's Assorted Antiques.
 23137 | Orc:2    | Found Tustum's Magic Scroll Shoppe.
 23141 | Orc:2    | Bought a potion of mutation for 120 gold pieces
 23141 | Orc:2    | Bought a potion of mutation for 120 gold pieces
 23141 | Orc:2    | Bought a potion of might for 60 gold pieces
 23144 | Orc:2    | Bought a scroll labeled BUVEFAMOKK for 33 gold pieces
 23149 | Orc:2    | Bought a scroll of enchant weapon for 112 gold pieces
 23149 | Orc:2    | Bought a scroll of fog for 30 gold pieces
 23257 | D:9      | Bought a crystal plate armour for 2320 gold pieces
 23379 | Shoals:1 | Entered Level 1 of the Shoals
 23410 | Shoals:1 | Found Zutt's Armour Shop.
 24109 | Shoals:2 | Reached XP level 15. HP: 36/136 MP: 18/18
 24652 | Shoals:4 | Entered Level 4 of the Shoals
 24916 | Shoals:4 | Noticed Louise
 24916 | Shoals:4 | Noticed Polyphemus
 24938 | Shoals:4 | Killed Polyphemus
 24941 | Shoals:4 | Killed Louise
 26540 | Shoals:4 | Reached skill level 10 in Dodging
 27004 | Shoals:4 | Noticed a frost giant
 27036 | Shoals:4 | Killed a frost giant
 27041 | Shoals:4 | Got a barnacled rune of Zot
 27372 | Shoals:1 | Reached XP level 16. HP: 147/147 MP: 19/19
 27497 | Snake:1  | Noticed Nikola
 27497 | Snake:1  | Noticed Aizul
 27527 | Snake:1  | Killed Aizul
 27533 | Snake:1  | Reached skill level 15 in Fighting
 27540 | Snake:1  | Killed Nikola
 27540 | Snake:1  | Reached skill level 15 in Armour
 27540 | Snake:1  | Reached skill level 15 in Shields
 29281 | Snake:4  | Entered Level 4 of the Snake Pit
 29545 | Snake:4  | Reached XP level 17. HP: 86/159 MP: 20/20
 29902 | Snake:4  | Got a serpentine rune of Zot
 31013 | D:14     | Found a gate to the Vaults.
 31293 | Vaults:1 | Entered Level 1 of the Vaults
 31374 | Vaults:1 | Found Mashrolom's Assorted Antiques.
 31389 | Vaults:1 | Bought a potion of haste for 250 gold pieces
 32531 | Vaults:2 | Found a staircase to the Crypt.
 33527 | Vaults:2 | Got a brightly glowing amber ring
 33760 | Vaults:2 | Reached XP level 18. HP: 155/172 MP: 21/21
 33761 | Vaults:2 | Identified the ring of Xuwunuta {Fire SInv} (You found it
                  | on level 2 of the Vaults)
 34343 | Vaults:2 | Noticed Saint Roka
 34361 | Vaults:2 | Killed Saint Roka
 34781 | Vaults:2 | Reached skill level 15 in Dodging
 35388 | Vaults:3 | Found Imyravut's Gadget Shop.
 35391 | Vaults:3 | Noticed Jory
 35426 | Vaults:3 | Killed Jory
 36412 | Vaults:5 | Entered Level 5 of the Vaults
 36433 | Vaults:5 | Reached XP level 19. HP: 75/183 MP: 22/22
 36546 | Vaults:5 | Noticed a golden dragon
 36558 | Vaults:5 | Killed a golden dragon
 36853 | Vaults:5 | Identified the +7 hand axe "Guwuosch" {flame, rF+ rC+
                  | Int-4}
 36907 | Vaults:5 | Identified the ring "Fauc" {rElec rF+ rC- MR+ EV+4}
 36911 | Vaults:5 | Noticed an ancient lich
 36924 | Vaults:5 | Killed an ancient lich
 36932 | Vaults:5 | Identified the +3 quarterstaff of the Abyss {vorpal, *Rage
                  | rPois MR+ Int+4}
 37451 | Vaults:5 | Noticed a golden dragon
 37490 | Vaults:5 | Identified the +4 ring mail of Violiupt {rN+}
 37650 | Vaults:5 | Reached XP level 20. HP: 75/195 MP: 23/23
 38443 | Vaults:5 | Killed a golden dragon
 38493 | Vaults:5 | Identified the +2 robe "Zuang" {rPois Str+3 Int+2 Slay-2}
 38545 | Vaults:5 | HP: 1/198 [titan/the air (25)]
 38549 | Vaults:5 | Slain by a titan

Illustrated notes

Levels and vault maps discovered:
D:1:      ncdulo_wetmaze, layout_basic
D:2:      layout_rooms, nicolae_ru_great_annihilating_truth,
          nicolae_dithmenos_through_a_glass_darkly, lemuel_altar_in_water
D:3:      layout_rooms, serial_glass, glass_columns_a, glass_columns_a,
          uniq_sigmund
D:4:      layout_loops_corners, lemuel_crystal_altar, portal_sewer_entry_e,
          uniq_eustachio
D:5:      layout_basic, marbit_many_paths, minmay_temple_entry_mini_moons,
          nicolae_ossuary_entry_false_entrances, first_ration
D:6:      layout_cave_pods, kennysheep_mini, nicolae_overflow_crystal_walls,
          uniq_duvessa
D:7:      layout_basic, yredelemnul_forgotten_temple_becter, basic_altar,
          serial_shops, shop, uniq_pikel
D:8:      layout_loops_ring, dancing_weapons_uskayaw, old_standard_altar,
          grunt_qazlal_clouds, chequers_temple_overflow_statue_of_worship,
          grunt_ogre_cave
D:9:      layout_long_grid, serial_shops, nicolae_shop_crystal,
          nicolae_shop_waterfront
D:10:     layout_basic, uniq_harold
D:11:     layout_rooms, david_lair_shrubbed, minmay_orc_entry_temple_small,
          uniq_fannar, uniq_snorg
D:12:     layout_loops_ring, special_room [special_room_orc], uniq_sonja
D:13:     layout_basic, uniq_rupert
D:14:     layout_roguey, david_vaults_5, minmay_crystal_water,
          minmay_misc_feat_plants, hangedman_tell_no_tales
D:15:     grunt_enter_depths_snipers, layout_grid_maze, serial_shops, shop,
          roderic_lattice_octagonal_star, chequers_serial_rivers_micro_a,
          minmay_stone_trees_medium, uniq_kirke
Lair:1:   layout_loops_ring, gauntlet_entry_generic
Lair:2:   layout_hall_layers, grunt_megastairs_2, uniq_urug
Lair:3:   layout_chaotic_city, elwin_shoals_entry_stream
Lair:4:   layout_loops_ring, minmay_snake_entry_guardpost_small,
          gammafunk_ghost_ooze, grunt_megastairs_5, infiniplex_staircase_pool_2
Lair:5:   layout_cave_pods
Lair:6:   minmay_lair_end_enchanted_forest, layout_hall_layers, slime_dummy,
          serial_bayou_lake_a
Shoals:1: layout_shoals, serial_shops, shop_fountains, nicolae_shoals_so_close
Shoals:2: layout_shoals, uniq_ilsuiw
Shoals:3: layout_shoals
Shoals:4: shoals_end_grunt_ice, layout_shoals, uniq_louise, uniq_polyphemus
Snake:1:  layout_rooms, ebering_ghost_inner_flame, nrook_loot_triangle,
          serial_bayou_shore_a, uniq_nikola, uniq_aizul
Snake:2:  layout_layer_cave, lemuel_fruit_tree
Snake:3:  layout_misc_corridors, st_stairs_14, uniq_agnes
Snake:4:  snake_pit, layout_chambers, basic_altar
Orc:1:    layout_caves, portal_ice_cave_entry_imps, serial_shops, shop, shop,
          uniq_jorgrun, uniq_erolcha
Orc:2:    st_orc_rangers, layout_caves, mines3_lemuel
Vaults:1: v_misc_16, vaults_room_semicircle, v_misc_8,
          ontoclasm_vaults_ligature, vaults_dpeg_diagonal,
          vaults_dpeg_encased_lava, layout_vaults_omnigrid, serial_shops, shop
Vaults:2: vaults_room_pools, ontoclasm_vaults_spin,
          minmay_crypt_entry_simple_box, v_alt_pattern_2,
          nicolae_vaults_ninety_degrees, vaults_room_grid,
          grunt_vaults_trifunnel, st_quartered_hall, v_misc_25, v_alt_pattern_6,
          v_rooms_2, v_alt_pattern_1, ontoclasm_vaults_idyll,
          layout_vaults_maze, uniq_saint_roka
Vaults:3: nicolae_vaults_network_square, grunt_vaults_funneled_arena,
          grunt_vaults_hallway_long, grunt_vaults_swirl,
          nicolae_vaults_little_squares_4, hangedman_vaults_pinch,
          layout_vaults_chaotic_city, serial_shops, shop, uniq_jory
Vaults:4: hangedman_vaults_corner_blocks, nicolae_vaults_little_ls,
          ontoclasm_vaults_idyll, vaults_room_semicircle, vaults_room_fours,
          vaults_mumra_minichess_inversion, vaults_dpeg_ring, v_pattern_5,
          nicolae_vaults_little_squares_2, nicolae_vaults_border_crossing,
          hangedman_vaults_trim, v_rooms_5, serial_ice_g,
          layout_vaults_omnicross, serial_shops, nicolae_shop_stone
Vaults:5: serial_shops

Skill      XL: |  1  2  3  4  5  6  7  8  9 10 11 12 13 14 15 16 17 18 19 20 |
---------------+-------------------------------------------------------------+-----
Axes           | 3 4 5 6 7 9 11 12 13 15 16 17 18 | 18.0
Armour         | 4 5 6 7 8 9 10 11 12 13 14 16 18 19 20 21 | 21.0
Fighting       | 4 5 6 7 8 9 10 11 12 13 14 16 18 19 20 21 | 21.1
Shields        | 4 5 6 7 8 9 10 11 12 13 14 15 | 15.0
Evocations     | 5 6 |  6.0
Dodging        | 4 6 8 10 12 14 15 17 | 17.8

Action                   |  1- 3 |  4- 6 |  7- 9 | 10-12 | 13-15 | 16-18 | 19-21 || total
-------------------------+-------+-------+-------+-------+-------+-------+-------++-------
Melee: War axe           |    88 |    62 |       |   164 |   558 |       |       ||   872
       Headbutt          |     8 |    11 |    91 |   157 |   211 |   238 |   130 ||   846
       Hand axe          |       |    33 |   492 |   527 |       |       |       ||  1052
       Broad axe         |       |       |       |       |   414 |  1106 |   436 ||  1956
Invok: Call Merchant     |       |       |       |     2 |       |       |       ||     2
       Potion Petition   |       |       |       |       |     1 |     3 |     4 ||     8
Evoke: Wand              |       |       |       |    12 |     1 |       |    11 ||    24
       Tin of tremorston |       |       |       |     3 |     5 |     4 |     8 ||    20
  Use: Scroll            |       |     4 |     8 |     8 |    18 |     5 |    11 ||    54
       Potion            |       |       |     2 |     2 |     4 |     4 |    10 ||    22
 Stab: Paralysed         |     1 |       |       |       |     2 |       |       ||     3
       Distracted        |       |       |       |     2 |     4 |     6 |     1 ||    13
       Confused          |       |       |       |     1 |       |       |       ||     1
       Sleeping          |       |       |       |       |    12 |       |       ||    12
       Invisible         |       |       |       |       |     2 |       |     2 ||     4
       Petrified         |       |       |       |       |     2 |       |       ||     2
       Held in net/web   |       |       |       |       |     1 |       |       ||     1
  Eat: Chunk             |     1 |     4 |       |       |       |       |       ||     5
       Ration            |       |       |     6 |     9 |    12 |     8 |     2 ||    37
Armor: Scale mail        |    53 |     2 |       |       |       |       |       ||    55
       Chain mail        |       |    63 |   174 |       |       |       |       ||   237
       Skin              |       |       |     4 |       |       |       |       ||     4
       Plate armour      |       |       |    34 |   253 |   166 |       |       ||   453
       Crystal plate arm |       |       |       |       |   181 |   273 |   140 ||   594
Dodge: Dodged            |    31 |    14 |    65 |    96 |   164 |   163 |    98 ||   631
Block: Kite shield       |    53 |    55 |   192 |   320 |   740 |   660 |   295 ||  2315
       Reflection        |       |       |       |       |   139 |    93 |    30 ||   262

Table legend:
 A = Non-vault XP
 B = Vault XP
 C = Vault XP percentage of total XP
 D = Non-vault monster count
 E = Vault monster count
 F = Vault count percentage of total count
                 A         B        C        D         E       F
            +---------+---------+-------+---------+---------+-------
      Total |  248993 |  267411 |  51.8 |     833 |     415 |  33.3
            +---------+---------+-------+---------+---------+-------
        D:1 |      37 |       0 |   0.0 |      23 |       0 |   0.0
        D:2 |      28 |      45 |  61.6 |      12 |       4 |  25.0
        D:3 |     111 |     242 |  68.6 |      28 |       1 |   3.4
        D:4 |     289 |     227 |  44.0 |      15 |       9 |  37.5
        D:5 |     584 |       3 |   0.5 |      14 |       1 |   6.7
        D:6 |     672 |     226 |  25.2 |      19 |       2 |   9.5
        D:7 |    1381 |     594 |  30.1 |      35 |       2 |   5.4
        D:8 |    1489 |     127 |   7.9 |      37 |       1 |   2.6
        D:9 |    1737 |       0 |   0.0 |      19 |       0 |   0.0
       D:10 |    4409 |     997 |  18.4 |      31 |       1 |   3.1
       D:11 |    4955 |    2495 |  33.5 |      44 |       5 |  10.2
       D:12 |    4454 |     820 |  15.5 |      27 |       1 |   3.6
       D:13 |    1804 |    2936 |  61.9 |      23 |       1 |   4.2
       D:14 |    2733 |    1443 |  34.6 |      19 |       7 |  26.9
       D:15 |   11946 |    5211 |  30.4 |      34 |       9 |  20.9
     Lair:1 |    4297 |       0 |   0.0 |      21 |       0 |   0.0
     Lair:2 |    4858 |     831 |  14.6 |      18 |       1 |   5.3
     Lair:3 |    1375 |    1339 |  49.3 |       5 |       4 |  44.4
     Lair:4 |    6664 |     787 |  10.6 |      16 |       5 |  23.8
     Lair:5 |    3453 |       0 |   0.0 |      10 |       0 |   0.0
     Lair:6 |     990 |       0 |   0.0 |       5 |       0 |   0.0
   Shoals:1 |    3370 |       0 |   0.0 |       6 |       0 |   0.0
   Shoals:2 |   13490 |       0 |   0.0 |      30 |       0 |   0.0
   Shoals:3 |    4649 |       0 |   0.0 |       7 |       0 |   0.0
   Shoals:4 |   14913 |   29056 |  66.1 |      32 |      41 |  56.2
    Snake:1 |    4038 |    4973 |  55.2 |      12 |       2 |  14.3
    Snake:2 |   18943 |       0 |   0.0 |      34 |       0 |   0.0
    Snake:3 |    5302 |     436 |   7.6 |       8 |       1 |  11.1
    Snake:4 |   13791 |   29729 |  68.3 |      23 |      42 |  64.6
      Orc:1 |    2921 |    4778 |  62.1 |      26 |      17 |  39.5
      Orc:2 |    1879 |    4873 |  72.2 |      32 |      34 |  51.5
   Vaults:1 |   23071 |       0 |   0.0 |      26 |       0 |   0.0
   Vaults:2 |   21075 |   53247 |  71.6 |      41 |      84 |  67.2
   Vaults:3 |   19634 |   10335 |  34.5 |      32 |      15 |  31.9
   Vaults:4 |    8071 |    2068 |  20.4 |      14 |       3 |  17.6
   Vaults:5 |   35580 |  109323 |  75.4 |      55 |      74 |  57.4
      Sewer |       0 |     270 | 100.0 |       0 |      48 | 100.0
            +---------+---------+-------+---------+---------+-------
